 Dungeon Crawl Stone Soup version 0.20-b1-18-gaa2fd62 (webtiles) character file.

13 MTVSty1e the Insei (level 2, -1/18 HPs)
             Began as an Octopode Transmuter on May 24, 2017.
             Slain by a hobgoblin
             ... wielding a +0 club
             ... led by Robin
              (4 damage)
             ... on level 2 of the Dungeon.
             The game lasted 00:02:04 (632 turns).

MTVSty1e the Insei (Octopode Transmuter)             Turns: 632, Time: 00:02:05

Health: -1/18      AC:  1    Str:  9    XL:     2   Next: 37%
Magic:  4/5        EV: 13    Int: 15    God:
Gold:   71         SH:  0    Dex: 12    Spells: 4/5 levels left

rFire    + . .     SeeInvis .     - Unarmed
rCold    . . .     Gourm    .   (no shield)
rNeg     . . .     Faith    .   (helmet restricted)
rPois    .         Spirit   .   (no amulet)
rElec    .         Reflect  .   e - ring of flight
rCorr    .         Harm     .   h - ring of protection from fire
MR       .....                  (no ring)
Stlth    ++........             (no ring)
Regen    0.1/turn               (no ring)
MPRegen  0.1/turn               (no ring)
                                (no ring)
                                (no ring)

@: appendage
A: almost no armour, stealthy swim, amphibious, 8 rings, constrict 8, tentacle
spike 3, camouflage 1, gelatinous body 1
a: End Transformation, Evoke Flight


You were on level 2 of the Dungeon.
You were not hungry.
One of your tentacles had a temporary spike.
You visited 1 branch of the dungeon, and saw 2 of its levels.

You collected 71 gold pieces.

Inventory:

Missiles
 a - 12 arrows
Jewellery
 e - a ring of flight (left tentacle)
 h - a ring of protection from fire (right tentacle)
Scrolls
 f - a scroll of blinking {unknown}
 g - a scroll of identify {unknown}
 j - a scroll of amnesia {unknown}
 m - a scroll of immolation {unknown}
 o - a scroll of teleportation {unknown}
 p - a scroll of enchant weapon {unknown}
Potions
 d - a potion of haste {unknown}
 i - a potion of invisibility {unknown}
 k - a potion of curing {unknown}
Books
 b - a book of Changes

   Spells                             Type                      Level
   a - Beastly Appendage              Transmutation                1
   b - Sticks to Snakes               Transmutation                2
   c - Spider Form                    Transmutation/Poison         3
   d - Ice Form                       Ice/Transmutation            4
   e - Blade Hands                    Transmutation                5
Comestibles
 c - a bread ration
 l - a royal jelly
 n - a meat ration


   Skills:
 * Level 1.4 Fighting
 + Level 2.2 Dodging
 + Level 3.1 Unarmed Combat
 + Level 2.1 Spellcasting
 + Level 2.1 Transmutations


You had 4 spell levels left.
You knew the following spells:

 Your Spells              Type           Power        Failure   Level  Hunger
a - Beastly Appendage     Tmut           #.....       9%          1    #......


Dungeon Overview and Level Annotations

Branches:
Dungeon (2/15)

Altars:

Annotations:
D:2 Robin


Innate Abilities, Weirdness & Mutations

You cannot wear most types of armour.
You are very stealthy in the water. (Stealth+)
You are amphibious.
You can wear up to eight rings at the same time.
You can use your tentacles to constrict eight enemies at once.
Your skin changes colour to match your surroundings (Stealth+).
Your rubbery body absorbs attacks. (AC +1, EV +1)
One of your tentacles bears a large vicious spike.


Message History

The hobgoblin hits you with a club.
Your memorisation is interrupted.
Casting: Beastly Appendage
Confirm with . or Enter, or press ? or * to list all spells.
You don't know that spell.
There are monsters nearby!
Memorise Sticks to Snakes, consuming 2 spell levels and leaving 2?
Okay, then.
Memorise Sticks to Snakes, consuming 2 spell levels and leaving 2?
The hobgoblin hits you with a club.
Your memorisation is interrupted.
There are monsters nearby!
There's nothing to open nearby.
The hobgoblin hits you with a club.
* * * LOW HITPOINT WARNING * * *
Casting: Beastly Appendage
Confirm with . or Enter, or press ? or * to list all spells.
One of your tentacles grows a vicious spike.
You tentacle-slap the hobgoblin. Your grab misses the hobgoblin.
The hobgoblin is moderately wounded.
The hobgoblin hits you with a club.
You die...

##### ##...## ##.###.##
#####.## ##.# ......# #(#
#####.## ##.############
## ##.###....gg@.......
.# ##...#.#.#########. ##
##.##.....gg# # #
#..##.#.###g####g..
#######.###.#.##..gg..gg.
...................g##..#
#######.###............g#
#######.#####.###.####.##
..............# #.# #


You could see a hobgoblin and a goblin.

Vanquished Creatures
  2 giant cockroaches (D:1)
  2 goblins (D:1)
  A hobgoblin (D:1)
  A kobold (D:1)
  3 bats
  4 rats
13 creatures vanquished.

Notes
Turn   | Place    | Note
-------+----------+-------------------------------------------
     0 | D:1      | MTVSty1e the Octopode Transmuter began the quest for the Orb.
     0 | D:1      | Reached XP level 1. HP: 13/13 MP: 3/3
   119 | D:1      | Reached XP level 2. HP: 16/18 MP: 5/5
   615 | D:2      | Noticed Robin
   632 | D:2      | Slain by a hobgoblin

Action                   || total
-------------------------++-------
Melee: Unarmed           ||    27
       Constrict         ||     8
       Tentacles         ||     3
       Punch             ||     3
       Kick              ||     1
 Cast: Beastly Appendage ||    10
Armor: Skin              ||     6
Dodge: Dodged            ||    24
